 Dungeon Crawl Stone Soup version 0.21-b1-21-g86478ac (webtiles) character file.

6668 Plasmagod the Carver (level 11, 0/87 HPs)
             Began as a Gnoll Wanderer on Jan 4, 2018.
             Was an Elder of Trog.
             Slain by a two-headed ogre
             ... wielding a +0 giant spiked club
              (11 damage)
             ... on level 10 of the Dungeon.
             The game lasted 01:02:56 (10240 turns).

Plasmagod the Carver (Gnoll Wanderer)              Turns: 10240, Time: 01:02:56

Health: 0/87       AC: 12    Str: 14    XL:     11   Next: 3%
Magic:  19/19      EV: 12    Int: 15    God:    Trog [****..]
Gold:   568        SH: 10    Dex: 20    Spells: 21/21 levels left

rFire    . . .     SeeInvis +   a - +3 falchion
rCold    + . .     Gourm    .   u - +0 shield
rNeg     . . .     Faith    .   j - +3 ring mail of Xidghaum {rC+ Int+2 Dex-2 SInv}
rPois    +         Spirit   .   o - +1 helmet
rElec    .         Reflect  .   p - +0 cloak
rCorr    .         Harm     .   (no gloves)
MR       .....                  (no boots)
Stlth    ++++......             (no amulet)
HPRegen  0.24/turn              w - ring of stealth
MPRegen  0.16/turn              E - ring of poison resistance

@: berserk cooldown, slowed, drained, very slow
A: distributed training, fangs 1, agile 1, strong nose
a: Berserk, Trog's Hand, Brothers in Arms, Burn Spellbooks, Renounce Religion


You were on level 10 of the Dungeon.
You worshipped Trog.
Trog was greatly pleased with you.
You were not hungry.

You visited 1 branch of the dungeon, and saw 10 of its levels.
You also visited: Sewer and Ossuary.

You collected 568 gold pieces.

Inventory:

Hand Weapons
 a - a +3 falchion (weapon)
 m - a +0 short sword of speed
Missiles
 F - 3 throwing nets (quivered)
Armour
 j - the +3 ring mail of Xidghaum (worn) {rC+ Int+2 Dex-2 SInv}
   (You found it on level 4 of the Dungeon)

   It affects your intelligence (+2).
   It affects your dexterity (-2).
   It protects you from cold.
   It lets you see invisible.
 o - a +1 helmet (worn)
 p - a +0 cloak (worn)
 u - a +0 shield (worn)
 y - a +0 chain mail
Jewellery
 w - a ring of stealth (left hand)
 E - a ring of poison resistance (right hand)
 G - an uncursed ring of protection from fire
Wands
 l - a wand of polymorph (21)
 A - a wand of flame (21)
 C - a wand of clouds (5)
 D - a wand of digging (21)
Scrolls
 e - 3 scrolls of remove curse
 h - a scroll of fear {unknown}
 i - 3 scrolls of teleportation
 k - 4 scrolls of enchant weapon
 n - 3 scrolls of identify
 q - a scroll of fog {unknown}
 r - 2 scrolls of blinking
 s - 4 scrolls of magic mapping
 t - a scroll of enchant armour {unknown}
 H - a scroll of immolation {unknown}
Potions
 b - 3 potions of lignification
 c - 6 potions of curing
 d - a potion of flight
 g - a potion of magic {unknown}
 v - a potion of experience
 x - a potion of resistance
 z - a potion of haste
 B - 3 potions of might
 I - a potion of agility {unknown}
Comestibles
 f - 9 rations


   Skills:
 + Level 8.8(8.2) Fighting
 + Level 5.7(5.1) Short Blades
 + Level 10.2(9.6) Long Blades
 + Level 5.7(5.1) Axes
 + Level 5.7(5.1) Maces & Flails
 + Level 5.7(5.1) Polearms
 + Level 5.7(5.1) Staves
 + Level 5.7(5.1) Slings
 + Level 5.7(5.1) Bows
 + Level 5.7(5.1) Crossbows
 + Level 5.7(5.1) Throwing
 + Level 5.7(5.1) Armour
 + Level 6.3(5.7) Dodging
 + Level 7.2(6.6) Stealth
 + Level 5.7(5.1) Shields
 + Level 5.7(5.1) Unarmed Combat
 + Level 5.7(5.1) Spellcasting
 + Level 4.7(4.2) Conjurations
 + Level 4.7(4.2) Hexes
 + Level 4.7(4.2) Charms
 + Level 4.7(4.2) Summonings
 + Level 4.7(4.2) Necromancy
 + Level 4.7(4.2) Translocations
 + Level 4.7(4.2) Transmutations
 + Level 4.7(4.2) Fire Magic
 + Level 4.7(4.2) Ice Magic
 + Level 4.7(4.2) Air Magic
 + Level 4.7(4.2) Earth Magic
 + Level 4.7(4.2) Poison Magic
 + Level 6.3(5.7) Invocations
 + Level 5.7(5.1) Evocations


You had 21 spell levels left.
You didn't know any spells.

Dungeon Overview and Level Annotations

Branches:
Dungeon (10/15)            Temple (0/1) D:6
   Lair: D:8-11         Orc: D:9-12

Altars:
Ru
Trog


Innate Abilities, Weirdness & Mutations

Your experience applies equally to all skills.
You have very sharp teeth.
Your uncanny sense of smell can sniff out nearby items.
You are agile. (Dex +2)


Message History

You feel the effects of Trog's Hand fading.
You block the two-headed ogre's attack.
The two-headed ogre hits you with a giant club!
* * * LOW HITPOINT WARNING * * *
There is an open door here.
You block the two-headed ogre's attack. The two-headed ogre barely misses you.
The wight closely misses you.
There is a stone staircase leading down here.
Your skin stops crawling.
You feel less resistant to hostile enchantments.
The two-headed ogre hits you but does no damage.
The two-headed ogre barely misses you.
There is an open door here.
There is a stone staircase leading up here.
The two-headed ogre hits you with a giant spiked club!!
* * * LOW HITPOINT WARNING * * *
The two-headed ogre hits you but does no damage.
The wight misses you.
The two-headed ogre hits you with a giant spiked club!
You die...

#.......'.##
...
#.......###
∆ ..
#.......# .
#.......#
#####z###
##l# #..# ∆
#####z####
#.....O@.#
#.....l..#
#........+
#........#
#........#
##########


You could see a two-headed ogre, an iguana and a wight.

Vanquished Creatures
  2 two-headed ogres
  Grinder (D:5)
  Sigmund (D:5)
  5 yaks
  A hungry ghost (D:9)
  Menkaure (D:5)
  2 porcupines (D:10)
  2 ice beasts (D:8)
  2 black bears
  A sky beast (D:6)
  5 ogres
  A centaur (D:9)
  2 crocodiles
  4 bullfrogs
  3 scorpions
  12 killer bees
  3 wights (D:10)
  5 howler monkeys
  5 crimson imps
  A jelly (D:9)
  A quasit (D:7)
  5 hounds
  10 orc wizards
  Crazy Yiuf (D:6)
  A bullfrog zombie (D:5)
  A human zombie (Ossuary)
  2 orc priests
  A centaur skeleton (D:8)
  3 iguanas
  7 worker ants
  A hound zombie (D:5)
  4 mummies
  Robin (D:2)
  A howler monkey skeleton (D:2)
  11 adders
  4 gnolls
  2 river rats (D:4)
  2 shadow imps
  An adder zombie (Ossuary)
  3 worms
  2 dart slugs
  2 leopard geckos
  27 orcs
  15 bats
  7 giant cockroaches
  21 goblins
  12 hobgoblins
  11 jackals
  7 kobolds
  2 quokkas
  7 frilled lizards
  5 goblin zombies (Ossuary)
  6 kobold zombies (Ossuary)
  A quokka zombie (Ossuary)
  8 rats
  4 rat zombies (Ossuary)
258 creatures vanquished.

Vanquished Creatures (others)
  6 fungi (D:10)
6 creatures vanquished.

Grand Total: 264 creatures vanquished

Notes
Turn   | Place    | Note
-------+----------+-------------------------------------------
     0 | D:1      | Plasmagod the Gnoll Wanderer began the quest for the Orb.
     0 | D:1      | Plasmagod set off with: a +2 falchion, a potion of lignification, a potion of curing, a +0 robe, a +0 dagger, a ration
     0 | D:1      | Reached XP level 1. HP: 23/23 MP: 1/1
   104 | D:1      | Reached XP level 2. HP: 26/29 MP: 2/2
   327 | D:1      | Reached XP level 3. HP: 35/35 MP: 3/3
   668 | D:2      | Found a sacrificial altar of Ru.
   671 | D:2      | Reached skill level 1 in Invocations
   734 | D:2      | Reached skill level 1 in Short Blades
   734 | D:2      | Reached skill level 1 in Axes
   734 | D:2      | Reached skill level 1 in Maces & Flails
   734 | D:2      | Reached skill level 1 in Polearms
   734 | D:2      | Reached skill level 1 in Staves
   734 | D:2      | Reached skill level 1 in Slings
   734 | D:2      | Reached skill level 1 in Bows
   734 | D:2      | Reached skill level 1 in Crossbows
   734 | D:2      | Reached skill level 1 in Throwing
   734 | D:2      | Reached skill level 1 in Armour
   734 | D:2      | Reached skill level 1 in Shields
   734 | D:2      | Reached skill level 1 in Unarmed Combat
   734 | D:2      | Reached skill level 1 in Spellcasting
   734 | D:2      | Reached skill level 1 in Evocations
   873 | D:2      | Noticed Robin
   880 | D:2      | Reached XP level 4. HP: 41/41 MP: 5/5
  1334 | D:2      | Killed Robin
  1334 | D:2      | Reached skill level 1 in Conjurations
  1334 | D:2      | Reached skill level 1 in Hexes
  1334 | D:2      | Reached skill level 1 in Charms
  1334 | D:2      | Reached skill level 1 in Summonings
  1334 | D:2      | Reached skill level 1 in Necromancy
  1334 | D:2      | Reached skill level 1 in Translocations
  1334 | D:2      | Reached skill level 1 in Transmutations
  1334 | D:2      | Reached skill level 1 in Fire Magic
  1334 | D:2      | Reached skill level 1 in Ice Magic
  1334 | D:2      | Reached skill level 1 in Air Magic
  1334 | D:2      | Reached skill level 1 in Earth Magic
  1334 | D:2      | Reached skill level 1 in Poison Magic
  1544 | D:2      | Reached XP level 5. HP: 8/47 MP: 6/6
  1860 | D:2      | Found a bloodstained altar of Trog.
  1948 | D:2      | Became a worshipper of Trog the Wrathful
  2958 | D:4      | HP: 1/47 [orc wizard] (9)]
  3247 | D:4      | Reached XP level 6. HP: 51/53 MP: 8/8
  3340 | D:4      | Found a glowing drain.
  3386 | D:4      | Reached * piety under Trog
  3394 | Sewer    | Entered a sewer
  3637 | Sewer    | HP: 2/53 [crocodile (15)]
  4309 | D:4      | Reached XP level 7. HP: 47/59 MP: 10/10
  4892 | D:4      | Got an ichor-stained ring mail
  4903 | D:4      | Identified the +3 ring mail of Xidghaum {rC+ Int+2 Dex-2 SInv} (You found it on level 4 of the Dungeon)
  5009 | D:5      | Entered Level 5 of the Dungeon
  5052 | D:5      | Noticed Grinder
  5058 | D:5      | Killed Grinder
  5058 | D:5      | Reached skill level 9 in Long Blades
  5058 | D:5      | Reached skill level 5 in Stealth
  5062 | D:5      | Reached XP level 8. HP: 67/67 MP: 10/12
  5125 | D:5      | Noticed Sigmund
  5149 | D:5      | Killed Sigmund
  5242 | D:5      | Found a sand-covered staircase.
  5254 | Ossuary  | Entered an ossuary
  5263 | Ossuary  | Reached ** piety under Trog
  5485 | Ossuary  | Gained mutation: You are agile. (Dex +2) [potion of mutation]
  5485 | Ossuary  | Gained mutation: Scrolls take you a little longer to read. [potion of mutation]
  5485 | Ossuary  | Lost mutation: Scrolls take you a little longer to read. [potion of mutation]
  5699 | D:5      | Noticed Menkaure
  5709 | D:5      | Killed Menkaure
  6278 | D:6      | Reached XP level 9. HP: 72/72 MP: 14/14
  6354 | D:6      | Found a staircase to the Ecumenical Temple.
  6533 | D:6      | Reached *** piety under Trog
  6787 | D:6      | Got a thick robe
  6798 | D:6      | Identified the +1 robe "Naradeoq" {rElec rPois Dex-3} (You found it on level 6 of the Dungeon)
  7028 | D:6      | Found a runed door.
  7086 | D:6      | Noticed Crazy Yiuf
  7091 | D:6      | Killed Crazy Yiuf
  7124 | D:7      | Received a gift from Trog
  7214 | D:7      | Reached skill level 5 in Dodging
  8017 | D:8      | Noticed a two-headed ogre
  8024 | D:8      | Killed a two-headed ogre
  8024 | D:8      | Reached skill level 5 in Invocations
  8024 | D:8      | Reached XP level 10. HP: 80/80 MP: 15/17
  8502 | D:8      | Reached skill level 5 in Short Blades
  8502 | D:8      | Reached skill level 5 in Axes
  8502 | D:8      | Reached skill level 5 in Maces & Flails
  8502 | D:8      | Reached skill level 5 in Polearms
  8502 | D:8      | Reached skill level 5 in Staves
  8502 | D:8      | Reached skill level 5 in Slings
  8502 | D:8      | Reached skill level 5 in Bows
  8502 | D:8      | Reached skill level 5 in Crossbows
  8502 | D:8      | Reached skill level 5 in Throwing
  8502 | D:8      | Reached skill level 5 in Armour
  8502 | D:8      | Reached skill level 5 in Shields
  8502 | D:8      | Reached skill level 5 in Unarmed Combat
  8502 | D:8      | Reached skill level 5 in Spellcasting
  8502 | D:8      | Reached skill level 5 in Evocations
  8808 | D:9      | Noticed a two-headed ogre
  8877 | D:9      | HP: 4/81 [two-headed ogre/giant club (9)]
  8902 | D:8      | HP: 3/81 [yak (8)]
  9144 | D:9      | Killed a two-headed ogre
  9144 | D:9      | Reached skill level 10 in Long Blades
  9649 | D:9      | Reached **** piety under Trog
 10159 | D:10     | Entered Level 10 of the Dungeon
 10204 | D:10     | Reached XP level 11. HP: 87/87 MP: 19/19
 10217 | D:10     | Noticed a two-headed ogre
 10240 | D:10     | Slain by a two-headed ogre

Skill      XL: |  1  2  3  4  5  6  7  8  9 10 |
---------------+-------------------------------+-----
Invocations    | 1 2 3 4 5 6 |  6.3
Short Blades   | 1 2 3 4 5 |  5.7
Axes           | 1 2 3 4 5 |  5.7
Maces & Flails | 1 2 3 4 5 |  5.7
Polearms       | 1 2 3 4 5 |  5.7
Staves         | 1 2 3 4 5 |  5.7
Slings         | 1 2 3 4 5 |  5.7
Bows           | 1 2 3 4 5 |  5.7
Crossbows      | 1 2 3 4 5 |  5.7
Throwing       | 1 2 3 4 5 |  5.7
Armour         | 1 2 3 4 5 |  5.7
Shields        | 1 2 3 4 5 |  5.7
Unarmed Combat | 1 2 3 4 5 |  5.7
Spellcasting   | 1 2 3 4 5 |  5.7
Evocations     | 1 2 3 4 5 |  5.7
Conjurations   | 1 2 3 4 |  4.7
Hexes          | 1 2 3 4 |  4.7
Charms         | 1 2 3 4 |  4.7
Summonings     | 1 2 3 4 |  4.7
Necromancy     | 1 2 3 4 |  4.7
Translocations | 1 2 3 4 |  4.7
Transmutations | 1 2 3 4 |  4.7
Fire Magic     | 1 2 3 4 |  4.7
Ice Magic      | 1 2 3 4 |  4.7
Air Magic      | 1 2 3 4 |  4.7
Earth Magic    | 1 2 3 4 |  4.7
Poison Magic   | 1 2 3 4 |  4.7
Dodging        | 3 4 5 6 |  6.3
Fighting       | 7 8 |  8.8
Long Blades    | 9 10 | 10.2
Stealth        | 5 6 7 |  7.2

Action                   |  1- 3 |  4- 6 |  7- 9 | 10-12 || total
-------------------------+-------+-------+-------+-------++-------
Melee: Falchion          |    60 |    26 |   395 |   208 ||   689
       Bite              |     6 |    44 |    57 |    36 ||   143
       Short sword       |     6 |   398 |       |       ||   404
       Punch             |       |     3 |     3 |       ||     6
Throw: Stone             |       |     4 |       |       ||     4
Invok: Berserk           |       |     2 |    10 |     6 ||    18
       Burn Spellbooks   |       |     1 |     2 |       ||     3
       Trog's Hand       |       |       |       |     2 ||     2
  Use: Scroll            |     1 |     5 |     5 |     4 ||    15
       Potion            |       |     3 |     2 |       ||     5
 Stab: Sleeping          |     4 |       |    16 |     6 ||    26
  Eat: Ration            |       |     2 |     3 |     3 ||     8
       Chunk             |       |     7 |    11 |     4 ||    22
Armor: Chain mail        |    28 |   248 |    39 |       ||   315
       Ring mail         |       |       |    88 |    51 ||   139
Dodge: Dodged            |    13 |   132 |   149 |   118 ||   412
Block: Shield            |       |       |    89 |   122 ||   211
       Rpst.: Falchion   |     3 |       |    58 |    31 ||    92
